 Dungeon Crawl Stone Soup version 0.30-a0-371-gad7725a93e (webtiles) character file.

Game seed: 16933260201632234560

2317 mopl the Covert (level 9, -12/61 HPs)
             Began as an Octopode Brigand on Nov 20, 2022.
             Mangled by an orc warrior
             ... wielding a +0 broad axe
              (13 damage)
             ... on level 6 of the Dungeon.
             The game lasted 00:07:55 (5079 turns).

mopl the Covert (Octopode Brigand)                  Turns: 5079, Time: 00:07:56

Health: -12/61     AC:  1    Str: 11    XL:     9   Next: 41%
Magic:  9/9        EV: 11    Int: 17    God:
Gold:   98         SH:  9    Dex: 13    Spells: 8/8 levels left

rFire   + . .      SeeInvis .    a - +2 dagger
rCold   . . .      Faith    +    e - +0 kite shield
rNeg    . . .      Spirit   .    (helmet restricted)
rPois   .          Reflect  .    A - amulet of faith {!P}
rElec   .          Harm     .    m - ring of protection from fire
rCorr   .          Rampage  .    (no ring)
Will    .....                    (no ring)
Stlth   +++++.....               (no ring)
HPRegen 0.30/turn                (no ring)
MPRegen 0.11/turn                (no ring)
                                 (no ring)
                                 (no ring)

@: no status effects
A: almost no armour, amphibious, 8 rings, camouflage 1, gelatinous body 1,
(nimble swimmer 1), tentacles
a: no special abilities


You were on level 6 of the Dungeon.
You visited 2 branches of the dungeon, and saw 8 of its levels.
You also visited: Ossuary.

You collected 374 gold pieces.
You spent 276 gold pieces at shops.

Inventory:

Hand Weapons
 a - a +2 dagger (weapon)
Missiles
 b - 8 poisoned darts (quivered)
 c - 3 curare-tipped darts
 t - 5 javelins
 E - 3 boomerangs
Armour
 e - a +0 kite shield (worn)
Magical Staves
 u - a staff of poison
Jewellery
 m - a ring of protection from fire (left tentacle)
 A - an amulet of faith (around mantle) {!P}
Wands
 h - a wand of flame (17)
 q - a wand of quicksilver (7)
Scrolls
 d - a scroll of brand weapon {unknown}
 f - a scroll of teleportation {unknown}
 g - a scroll of poison {unknown}
 j - a scroll of amnesia {unknown}
 k - a scroll of immolation {unknown}
 l - a scroll of magic mapping {unknown}
 n - 4 scrolls of fear {unknown}
 x - 5 scrolls of enchant weapon {unknown}
 y - 3 scrolls of torment {unknown}
 z - 4 scrolls of noise {unknown}
 D - a scroll of butterflies {unknown}
Potions
 i - a potion of resistance
 o - 2 potions of curing
 p - 2 potions of might
 r - a potion of ambrosia
 s - a potion of lignification {!q}
 v - a potion of mutation {!q}
 w - a potion of haste
 B - a potion of flight
 C - 2 potions of heal wounds


   Skills:
 + Level 5.3 Fighting
 - Level 2.0(3.6) Short Blades
 + Level 4.8(5.1) Long Blades
 + Level 5.4 Throwing
 - Level 1.0 Dodging
 + Level 8.9 Stealth
 + Level 4.7 Shields
 + Level 5.1 Evocations


You had 8 spell levels left.
You didn't know any spells.
Your spell library contained the following spells:

 Spells                   Type           Power      Damage    Failure   Level
 Freeze                   Ice            0%         1d3       56%         1
 Cigotuvi's Dreadful Rot  Necr/Pois/Air  0%         N/A       71%         2
 Frozen Ramparts          Ice            0%         1d1       90%         3
 Gell's Gravitas          Tloc           0%         N/A       90%         3
 Hailstorm                Conj/Ice       0%         3d3       90%         3
 Teleport Other           Tloc           0%         N/A       90%         3
 Dispel Undead            Necr           0%         3d6       100%        4
 Death Channel            Necr           0%         N/A       100%        6
 Dispersal                Tloc           0%         N/A       100%        6


Dungeon Overview and Level Annotations

Branches:
Dungeon (7/15)             Temple (1/1) D:5         Ossuary (visited)

Altars:
Cheibriados
Elyvilon
Nemelex Xobeh
Okawaru
Sif Muna
Uskayaw
Wu Jian
Xom
Yredelemnul
The Shining One

Shops:
D:5 !


Innate Abilities, Weirdness & Mutations

You cannot wear most types of armour.
You are amphibious.
You can wear up to eight rings at the same time.
Your skin changes colour to match your surroundings (Stealth+).
Your rubbery body absorbs attacks. (AC +1, EV +1)
((You are camouflaged when in or above water. (Stealth+)))
You have tentacles for arms and can constrict up to eight enemies at once.


Message History

The orc warrior is healed somewhat.
There is a large open door here.
The orc warrior attacks as you move away!
The orc warrior hits you with a +0 broad axe!!
The orc warrior attacks as you move away!
You block the orc warrior's attack.
There is a stone staircase leading up here.
The orc warrior hits you with a +0 broad axe!
You climb upwards.
There is a stone staircase leading down here.
Unknown command.
You hit the orc warrior but do no damage.
Your grab misses the orc warrior. Your squeeze misses the orc warrior.
The orc warrior is lightly wounded.
The orc warrior hits you with a +0 broad axe.
You hit the orc warrior but do no damage.
You grab the orc warrior.
You squeeze the orc warrior, but do no damage.
The orc warrior is lightly wounded.
You constrict the orc warrior. The orc warrior barely misses you.
You hit the orc warrior but do no damage.
The orc warrior is lightly wounded.
You constrict the orc warrior.
The orc warrior hits you with a +0 broad axe!
* * * LOW HITPOINT WARNING * * *
You hit the orc warrior but do no damage.
You squeeze the orc warrior, but do no damage.
The orc warrior is moderately wounded.
You constrict the orc warrior. You block the orc warrior's attack.
You hit the orc warrior. You squeeze the orc warrior.
The orc warrior is severely wounded.
You constrict the orc warrior.
The orc warrior looks more healthy.
The orc warrior hits you with a +0 broad axe!
* * * LOW HITPOINT WARNING * * *
You hit the orc warrior but do no damage.
You squeeze the orc warrior.
The orc warrior is almost dead.
You constrict the orc warrior, but do no damage.
The orc warrior hits you with a +0 broad axe!
You die...

#############
#...........#
#.####..#####
#.#.....#########
#.#.............#
#.####..#...###.#####
####.......@...........###
#.#######..o...#.#.###...#
#.#######....<.#.#.#
###.##
#................#.# #..##
#.########....####.###
##..# #.#
#................#####'#
#.#
#.####'##.#.#....#......
#.#
#.......#.#......#......
#.#
#.......#.##.....#......


You could see an orc warrior.

Vanquished Creatures
  Maggie (D:6)
  Menkaure (D:6)
  An acid dragon (D:6)
  Duvessa (D:5)
  An ice beast (D:6)
  A sky beast (D:6)
  A centaur (D:6)
  3 ogres (D:4)
  2 elf zombies (Ossuary)
  A bullfrog (D:6)
  2 scorpions
  4 necrophages (D:4)
  Dowan (D:5)
  2 howler monkeys
  A centaur zombie (Ossuary)
  4 hounds
  4 human zombies (Ossuary)
  3 jellies
  3 orc wizards (D:7)
  2 mummies (Ossuary)
  5 adders
  A shadow imp (D:6)
  4 white imps
  An ufetubus (D:5)
  An adder zombie (Ossuary)
  4 worms
  3 dart slugs (D:4)
  10 orcs
  An endoplasm (D:3)
  4 giant cockroaches
  5 goblins
  5 hobgoblins
  2 jackals (D:3)
  3 quokkas
  11 ball pythons
  4 bats
  10 hobgoblin zombies (Ossuary)
  2 jackal zombies (Ossuary)
  5 kobolds
  8 kobold zombies (Ossuary)
  8 orc zombies (Ossuary)
  5 rats
141 creatures vanquished.

Vanquished Creatures (others)
  5 plants (D:7)
5 creatures vanquished.

Grand Total: 146 creatures vanquished

Notes
Turn   | Place    | Note
-------+----------+-------------------------------------------
     0 | D:1      | mopl the Octopode Brigand began the quest for the Orb.
     0 | D:1      | Reached XP level 1. HP: 14/14 MP: 1/1
   170 | D:1      | Reached XP level 2. HP: 19/19 MP: 2/2
   588 | D:2      | Reached XP level 3. HP: 24/24 MP: 3/3
   598 | D:2      | Reached skill level 1 in Long Blades
  1322 | D:3      | Reached skill level 1 in Shields
  1342 | D:3      | Reached XP level 4. HP: 18/30 MP: 4/4
  1660 | D:4      | Noticed an ogre
  1665 | D:4      | Killed an ogre
  1666 | D:4      | Reached skill level 6 in Stealth
  1666 | D:4      | Reached skill level 1 in Evocations
  1666 | D:4      | Reached XP level 5. HP: 36/36 MP: 5/5
  1684 | D:4      | Reached skill level 3 in Fighting
  1684 | D:4      | Reached skill level 2 in Long Blades
  1684 | D:4      | Reached skill level 3 in Throwing
  1767 | D:4      | Noticed an ogre
  1792 | D:4      | Reached skill level 2 in Shields
  1792 | D:4      | Reached XP level 6. HP: 37/42 MP: 6/6
  1820 | D:4      | Found a basalt altar of Yredelemnul.
  1881 | D:4      | Reached skill level 2 in Evocations
  1894 | D:4      | Found a sparkling altar of Nemelex Xobeh.
  2019 | D:4      | Reached XP level 7. HP: 20/46 MP: 7/7
  2032 | D:4      | Found a sand-covered staircase.
  2038 | Ossuary  | Entered an ossuary
  2390 | Ossuary  | Reached skill level 3 in Long Blades
  2396 | Ossuary  | Reached skill level 7 in Stealth
  2396 | Ossuary  | Reached skill level 3 in Evocations
  2429 | Ossuary  | Reached skill level 3 in Shields
  2635 | D:4      | Reached skill level 4 in Fighting
  2635 | D:4      | Reached skill level 4 in Throwing
  2713 | D:4      | Reached XP level 8. HP: 54/54 MP: 8/8
  2986 | D:5      | Entered Level 5 of the Dungeon
  3138 | D:5      | Noticed Dowan
  3234 | D:5      | Found a staircase to the Ecumenical Temple.
  3243 | D:5      | Identified the +1 leather armour of Responsibility {rF++}
  3246 | Temple   | Entered the Ecumenical Temple
  3532 | D:5      | Noticed Duvessa
  3546 | D:5      | Killed Duvessa
  3547 | D:5      | Reached skill level 4 in Evocations
  3547 | D:5      | Killed Dowan
  3847 | D:5      | Found Lemuwn Resch's Distillery.
  3858 | D:5      | Bought a potion of ambrosia for 96 gold pieces
  3858 | D:5      | Bought a potion of haste for 120 gold pieces
  3858 | D:5      | Bought a potion of heal wounds for 60 gold pieces
  3986 | D:6      | Reached skill level 4 in Long Blades
  4068 | D:6      | Reached skill level 8 in Stealth
  4076 | D:6      | Reached skill level 4 in Shields
  4292 | D:6      | Noticed Menkaure
  4293 | D:6      | Noticed Maggie
  4332 | D:6      | Killed Menkaure
  4333 | D:6      | Reached skill level 5 in Fighting
  4333 | D:6      | Reached skill level 5 in Throwing
  4333 | D:6      | Reached XP level 9. HP: 33/61 MP: 9/9
  4334 | D:6      | Killed Maggie
  4501 | D:6      | Reached skill level 5 in Evocations
  5078 | D:6      | HP: 1/61 [orc warrior/+0 broad axe (17)]
  5079 | D:6      | Mangled by an orc warrior

Illustrated notes

Levels and vault maps discovered:
D:1:      dpeg_arrival_tiny_h, layout_rooms
D:2:      layout_rooms
D:3:      layout_basic
D:4:      layout_basic, mainiacjoe_overflow_concentric_impassable,
          mainiacjoe_overflow_tiny_flanked, nicolae_ossuary_entry_plus,
          kennysheep_generic_room_10
D:5:      layout_loops_ring, minmay_temple_entry_tees, serial_shops,
          nicolae_lakefront_shop, uniq_duvessa
D:6:      layout_basic, minmay_curled_crystal, uniq_menkaure, uniq_maggie
D:7:      layout_basic, serial_bayou_ford_a, grunt_ministairs_15
Temple:   hellmonk_temple_flake

Skill      XL: |  1  2  3  4  5  6  7  8  9 |
---------------+----------------------------+-----
Long Blades    | 1 2 3 4 |  4.8
Shields        | 1 2 3 4 |  4.7
Stealth        | 6 7 8 |  8.9
Evocations     | 1 2 3 4 5 |  5.1
Fighting       | 3 4 5 |  5.3
Throwing       | 3 4 5 |  5.4
Short Blades   | |  2.0
Dodging        | |  1.0

Action                   |  1- 3 |  4- 6 |  7- 9 || total
-------------------------+-------+-------+-------++-------
Melee: Dagger            |    89 |    50 |   211 ||   350
       Constrict         |    22 |    10 |    51 ||    83
       Tentacles         |    14 |    13 |    66 ||    93
       Punch             |     3 |     1 |     5 ||     9
Throw: Dart              |       |     5 |    17 ||    22
Evoke: Wand              |       |       |     6 ||     6
  Use: Scroll            |       |       |     9 ||     9
       Potion            |       |       |     1 ||     1
 Stab: Sleeping          |    10 |     7 |    22 ||    39
       Distracted        |       |       |     1 ||     1
Armor: Skin              |     9 |     1 |    14 ||    24
Dodge: Dodged            |    36 |    18 |    66 ||   120
Block: Kite shield       |    19 |    12 |    71 ||   102

Table legend: (Time is in decaauts)
 A = Elapsed time spent in this place.
 B = Non-inter-level travel time spent in this place.
 C = Inter-level travel time spent in this place.
 D = Time resting spent in this place.
 E = Time spent auto-exploring this place.
 F = Levels seen in this place.
 G = Mean time per level.
                   A        B        C        D        E       F      G
               +--------+--------+--------+--------+--------+-----+--------+
         Total |   5088 |   4880 |    208 |    693 |   2739 |   9 |  565.3 |
       Dungeon |   4380 |   4182 |    198 |    390 |   2560 |   7 |  625.7 |
        Temple |    149 |    139 |     10 |      0 |    131 |   1 |  149.0 |
       Ossuary |    557 |    557 |      0 |    303 |     48 |   1 |  557.0 |
               +--------+--------+--------+--------+--------+-----+--------+

Top non-repeatable levels by time:
     D:4: 904 daAuts
     D:5: 795 daAuts
     D:3: 749 daAuts
     D:6: 736 daAuts
 Ossuary: 557 daAuts
     D:2: 441 daAuts
     D:1: 394 daAuts
     D:7: 359 daAuts
  Temple: 149 daAuts
